 Dungeon Crawl Stone Soup version 0.31-a0-150-g89dc3ad700 (webtiles) character file.

Game seed: 5667878696673623460

2488 qw the Skirmisher (level 9, 0/79 HPs)
             Began as a Minotaur Hunter on June 8, 2023.
             Slain by an orc wizard
             ... wielding a +0 dagger
              (2 damage)
             ... on level 7 of the Dungeon.
             The game lasted 00:02:19 (5628 turns).

qw the Skirmisher (Minotaur Hunter)                 Turns: 5628, Time: 00:02:20

Health: 0/79       AC:  6    Str: 15    XL:     9   Next: 27%
Magic:  8/8        EV: 13    Int:  6    God:
Gold:   398        SH:  0    Dex: 19    Spells: 8/8 levels left

rFire   . . .        Y - +3 shortbow (heavy)
rCold   . . .        (shield currently unavailable)
rNeg    . . .        b - +0 ring mail
rPois   .            (helmet restricted)
rElec   .            (no cloak)
rCorr   .            (no gloves)
SInv    .            a - +0 pair of boots
Will    .....        (no amulet)
Stlth   +            (no ring)
HPRegen 0.33/turn    (no ring)
MPRegen 0.11/turn

%: no passive effects
@: no status effects
A: horns 2, retaliatory headbutt
a: no special abilities


You were on level 7 of the Dungeon.
You visited 1 branch of the dungeon, and saw 7 of its levels.

You collected 398 gold pieces.


Innate Abilities, Weirdness & Mutations

You have a pair of horns on your head.
You reflexively headbutt those who attack you in melee.


   Skills:
 - Level 7.4 Fighting
 + Level 11.5 Ranged Weapons
 - Level 3.4 Armour
 - Level 5.0 Dodging
 - Level 0.7 Stealth


You had 8 spell levels left.
You didn't know any spells.
Your spell library was empty.

Inventory:

Hand Weapons
 Y - a +3 heavy shortbow (weapon)
Armour
 a - a +0 pair of boots (worn)
 b - a +0 ring mail (worn)
Scrolls
 f - 2 scrolls of identify
 i - 2 scrolls of teleportation
Potions
 c - a potion of might {unknown}
 d - a potion of haste
 g - a potion of resistance {unknown}
 h - 2 potions of cancellation
 j - a potion of lignification {unknown}

Dungeon Overview and Level Annotations

Branches:
Dungeon (7/15)
 Temple: D:4-7

Altars:
Ashenzari
Dithmenos
Nemelex Xobeh
Sif Muna
Uskayaw
Vehumet
Wu Jian


Message History

The orc priest hits you but does no damage.
The orc wizard gestures wildly while chanting.
The orc wizard flickers and vanishes!
The orc misses you.
The orc priest hits you but does no damage.
Something hits you.
5620 ||| DRINKING potion of heal wounds.
You feel much better. The orc barely misses you.
The orc priest hits you with a +0 dagger.
Something hits you but does no damage.
You feel less confused.
The orc priest invokes the aid of Beogh against you.
You struggle to resist.
Something hits you.
You shoot an arrow. The arrow hits the orc priest!
You kill the orc priest!
The orc barely misses you. Something hits you but does no damage.
You shoot an arrow. The arrow hits the orc!
You kill the orc!
Something hits you but does no damage.
You hear some strange, mumbled words.
A puff of flame appears from out of thin air!
The puff of flame hits you!
You shoot an arrow. Something hits you but does no damage.
You hear some strange, mumbled words.
A puff of flame appears from out of thin air!
The puff of flame hits you! Something hits you.
Something hits you but does no damage.
You shoot an arrow. Something hits you. x2
You shoot an arrow. Something hits you but does no damage. Something hits you.
You shoot an arrow.
Something hits you but does no damage. x2; Something hits you. x2
You shoot an arrow.
Reactivating autopickup.
You feel a bit more experienced. Something hits you.
You die...

###............#
###.#.#.#.####
#.#.....# ##.###.###
##......#
#...############ ##...#
#....o.oo#
#.#####..#..##.######.#
#......###.@).# .#
#.####.## ##{).# .#
##....# #....## o#
##..#.## ##.#..## o.
#..#### ####..# .# #.##
##.# o# #..#### ####[.#
#...#.## ##.#..####.#
#......# +..........#


There were no monsters in sight!

Vanquished Creatures
  An ice beast (D:6)
  2 black bears (D:5)
  4 ogres
  A centaur (D:6)
  4 phantoms
  Blork the orc (D:4)
  A bullfrog (D:6)
  2 scorpions
  A howler monkey (D:5)
  7 jellies
  5 orc priests
  A gnoll bouda (D:5)
  6 hounds
  4 iguanas
  6 orc wizards
  8 gnolls
  18 adders
  2 shadow imps
  3 white imps
  4 ufetubi
  3 worms
  3 dart slugs
  13 orcs
  7 endoplasms
  A giant cockroach (D:1)
  11 goblins
  15 hobgoblins
  7 jackals
  8 kobolds
  5 quokkas
  7 ball pythons
  6 bats
  2 frilled lizards
  7 rats
176 creatures vanquished.

Notes
Turn   | Place    | Note
-------+----------+-------------------------------------------
     0 | D:1      | qw the Minotaur Hunter began the quest for the Orb.
     0 | D:1      | Reached XP level 1. HP: 18/18 MP: 0/0
     0 | D:1      | 0 ||| qw: Version: 0.2-a-119-g0488c42
     0 | D:1      | 0 ||| qw: Game counter: 2733
     0 | D:1      | 0 ||| qw: Always use a shield: true
     0 | D:1      | 0 ||| qw: God list: Okawaru
     0 | D:1      | 0 ||| qw: Allow faded altars: false
     0 | D:1      | 0 ||| qw: Do Orc after D:15 true
     0 | D:1      | 0 ||| qw: Do second Lair branch before Depths: true
     0 | D:1      | 0 ||| qw: Lair rune preference: random
     0 | D:1      | 0 ||| qw: Plans: Normal
     0 | D:1      | 0 ||| PLANNING D:1-11
    94 | D:1      | Reached XP level 2. HP: 25/25 MP: 1/1
   100 | D:1      | Reached skill level 5 in Ranged Weapons
   195 | D:1      | Reached skill level 3 in Fighting
   268 | D:1      | Reached XP level 3. HP: 25/31 MP: 2/2
   437 | D:1      | Found a faded altar of an unknown god.
   506 | D:1      | 506 ||| READING scroll labelled FEHAEM REIRAHO.
   507 | D:1      | 507 ||| READING 2 scrolls labelled NOLOIQ JOQ WIS.
   508 | D:1      | 508 ||| READING scroll labelled GUVAM BIOX.
   509 | D:1      | 509 ||| READING scroll labelled TEELUE ERIHO.
   510 | D:1      | 510 ||| DRINKING 2 emerald potions.
   511 | D:1      | 511 ||| DROPPING scroll of butterflies.
   537 | D:2      | 537 ||| STAIRDANCE
   670 | D:2      | Reached XP level 4. HP: 38/38 MP: 3/3
   816 | D:2      | Reached skill level 6 in Ranged Weapons
   837 | D:2      | Identified the +9 hand axe "Vyak" {venom, rPois Will+}
   979 | D:2      | Identified the +1 whip "Osuishrubb" {freeze, rF+ rCorr}
  1080 | D:2      | 1080 ||| UPGRADING to +0 pair of boots.
  1085 | D:2      | 1085 ||| READING scroll labelled DIKKIHAORA.
  1086 | D:2      | 1086 ||| READING scroll labelled QOYFUJ YGAU.
  1087 | D:2      | 1087 ||| READING 2 scrolls of identify.
  1087 | D:2      | 1087 ||| IDENTIFYING smoky puce potion
  1174 | D:3      | Reached skill level 1 in Armour
  1288 | D:3      | Reached XP level 5. HP: 46/46 MP: 4/4
  1592 | D:3      | Found a radiant altar of Vehumet.
  1624 | D:3      | Found a shadowy altar of Dithmenos.
  1706 | D:3      | 1706 ||| READING 3 scrolls of identify.
  1706 | D:3      | 1706 ||| IDENTIFYING brown potion
  1707 | D:3      | 1707 ||| READING 2 scrolls of identify.
  1707 | D:3      | 1707 ||| IDENTIFYING bubbling silvery potion
  1708 | D:3      | 1708 ||| DROPPING potion of berserk rage.
  1771 | D:4      | 1771 ||| Stepping ~*~*~tactically~*~*~ (outnumbered).
  1773 | D:4      | 1773 ||| Stepping ~*~*~tactically~*~*~ (outnumbered).
  1793 | D:4      | Found a broken altar of Ashenzari.
  1799 | D:4      | Noticed an ogre
  1832 | D:4      | Found a sparkling altar of Nemelex Xobeh.
  1852 | D:4      | 1852 ||| FLEEEEING.
  1856 | D:4      | 1856 ||| FLEEEEING.
  1857 | D:4      | 1857 ||| FLEEEEING.
  1858 | D:4      | 1858 ||| FLEEEEING.
  1859 | D:4      | 1859 ||| FLEEEEING.
  1860 | D:4      | 1860 ||| FLEEEEING.
  1861 | D:4      | 1861 ||| FLEEEEING.
  1862 | D:4      | 1862 ||| FLEEEEING.
  1863 | D:4      | 1863 ||| FLEEEEING.
  1864 | D:4      | 1864 ||| FLEEEEING.
  1865 | D:4      | 1865 ||| FLEEEEING.
  1866 | D:4      | 1866 ||| FLEEEEING.
  1867 | D:4      | 1867 ||| FLEEEEING.
  1868 | D:4      | 1868 ||| FLEEEEING.
  1880 | D:4      | 1880 ||| FLEEEEING.
  1881 | D:4      | 1881 ||| FLEEEEING.
  1882 | D:4      | 1882 ||| FLEEEEING.
  1883 | D:4      | 1883 ||| STAIRDANCE
  1922 | D:3      | 1922 ||| UPGRADING to +0 ring mail.
  1932 | D:3      | 1932 ||| DROPPING +0 leather armour.
  1935 | D:4      | 1935 ||| STAIRDANCE
  1937 | D:3      | 1937 ||| DRINKING potion of curing.
  1937 | D:3      | 1937 ||| (to cure confusion)
  1947 | D:4      | 1947 ||| STAIRDANCE
  1957 | D:3      | HP: 11/46 [something (4)]
  1960 | D:3      | HP: 5/46 [something (2)]
  2162 | D:4      | Noticed Blork the orc
  2168 | D:4      | Killed Blork the orc
  2169 | D:4      | Reached skill level 7 in Ranged Weapons
  2169 | D:4      | Reached XP level 6. HP: 48/52 MP: 5/5
  2379 | D:4      | Reached skill level 8 in Ranged Weapons
  2536 | D:4      | Reached XP level 7. HP: 61/61 MP: 6/6
  2661 | D:4      | Found a shimmering blue altar of Sif Muna.
  2823 | D:4      | Reached skill level 3 in Dodging
  2957 | D:4      | 2957 ||| READING scroll labelled URHUECR VAHISU.
  2960 | D:4      | 2960 ||| READING 2 scrolls of identify.
  2960 | D:4      | 2960 ||| IDENTIFYING ruby potion
  2961 | D:4      | 2961 ||| DROPPING potion of attraction.
  2971 | D:5      | Entered Level 5 of the Dungeon
  3105 | D:5      | Reached skill level 9 in Ranged Weapons
  3186 | D:5      | Reached skill level 6 in Fighting
  3206 | D:5      | Found an ornate altar of the Wu Jian Council.
  3293 | D:5      | Found a hide-covered altar of Uskayaw.
  3300 | D:5      | Noticed a +0 hand axe
  3303 | D:5      | Noticed a +0 dagger
  3314 | D:5      | Reached XP level 8. HP: 70/70 MP: 7/7
  3507 | D:5      | 3507 ||| Stepping ~*~*~tactically~*~*~ (outnumbered).
  3837 | D:5      | 3837 ||| READING scroll labelled FAURIU TETIE.
  3838 | D:5      | 3838 ||| READING 2 scrolls labelled AKHIYT BOUDIR.
  3839 | D:5      | 3839 ||| READING 2 scrolls of identify.
  3839 | D:5      | 3839 ||| IDENTIFYING gluggy clear potion
  3840 | D:5      | 3840 ||| DROPPING potion of enlightenment.
  3841 | D:5      | 3841 ||| DROPPING scroll of fear.
  3918 | D:6      | Reached skill level 10 in Ranged Weapons
  4199 | D:6      | Identified the +6 rapier of the Orange Skies {chaos, Str+5}
  4234 | D:6      | 4234 ||| FLEEEEING.
  4237 | D:6      | 4237 ||| Stepping ~*~*~tactically~*~*~ (outnumbered).
  4747 | D:6      | Reached skill level 11 in Ranged Weapons
  4767 | D:6      | Reached skill level 3 in Armour
  4767 | D:6      | Reached XP level 9. HP: 62/79 MP: 8/8
  5025 | D:6      | 5025 ||| READING scroll of enchant weapon.
  5025 | D:6      | 5025 ||| ENCHANTING +1 heavy shortbow.
  5236 | D:6      | 5236 ||| DRINKING 2 purple potions.
  5237 | D:6      | 5237 ||| READING 2 scrolls of identify.
  5237 | D:6      | 5237 ||| IDENTIFYING dark potion
  5238 | D:6      | 5238 ||| DROPPING potion of brilliance.
  5262 | D:7      | 5262 ||| Stepping ~*~*~tactically~*~*~ (outnumbered).
  5264 | D:7      | 5264 ||| Stepping ~*~*~tactically~*~*~ (outnumbered).
  5563 | D:7      | 5563 ||| READING scroll of enchant weapon.
  5563 | D:7      | 5563 ||| ENCHANTING +2 heavy shortbow.
  5581 | D:7      | 5581 ||| Stepping ~*~*~tactically~*~*~ (outnumbered).
  5583 | D:7      | 5583 ||| Stepping ~*~*~tactically~*~*~ (outnumbered).
  5587 | D:7      | 5587 ||| FLEEEEING.
  5590 | D:7      | 5590 ||| FLEEEEING.
  5591 | D:7      | 5591 ||| FLEEEEING.
  5592 | D:7      | 5592 ||| FLEEEEING.
  5593 | D:7      | 5593 ||| DRINKING potion of curing.
  5593 | D:7      | 5593 ||| (to cure confusion)
  5594 | D:7      | 5594 ||| FLEEEEING.
  5616 | D:7      | HP: 11/79 [orc priest/nerve-wracking pain (9)]
  5617 | D:7      | 5617 ||| DRINKING 2 potions of heal wounds.
  5620 | D:7      | 5620 ||| DRINKING potion of heal wounds.
  5624 | D:7      | HP: 12/79 [something/puff of flame (11)]
  5626 | D:7      | HP: 4/79 [something (3)]
  5628 | D:7      | Slain by an orc wizard

Levels and vault maps discovered:
D:1:      dpeg_arrival_round_c, layout_basic,
          shapermc_ecumenical_altar_mp_urbaneastern
D:2:      minmay_razor_zed, layout_rooms, feat_on_display
D:3:      layout_rooms, mainiacjoe_overflow_two_lobes
D:4:      layout_loops_cross, mainiacjoe_overflow_boulevard,
          nicolae_ashenzari_panopticon, kennysheep_little_box,
          uniq_blork_the_orc
D:5:      layout_basic, dancing_weapons_uskayaw, lemuel_doored_altar,
          kennysheep_generic_room_14
D:6:      minmay_bubble_buster, layout_loops_corners,
          minmay_misc_feat_more_columns
D:7:      layout_loops_ring, minmay_temple_entry_arrows, serial_shops,
          nicolae_shop_drivethru, minmay_fractal_squares_gapless_5

Skill      XL: |  1  2  3  4  5  6  7  8  9 |
---------------+----------------------------+-----
Ranged Weapons | 5 6 7 8 9 11 | 11.5
Fighting       | 3 4 5 6 7 |  7.4
Armour         | 1 2 3 |  3.4
Dodging        | 3 4 5 |  5.0
Stealth        | |  0.7

Action                     |  1- 3 |  4- 6 |  7- 9 || total
---------------------------+-------+-------+-------++-------
   Fire: Shortbow          |   103 |   164 |   224 ||   491
    Use: Scroll            |     4 |     5 |     8 ||    17
         Potion            |     1 |     1 |     4 ||     6
 Armour: Leather armour    |     7 |    11 |       ||    18
         Ring mail         |       |    16 |    67 ||    83
  Dodge: Dodged            |    10 |    41 |    73 ||   124

Table legend:
 A = Non-vault XP
 B = Vault XP
 C = Vault XP percentage of total XP
 D = Non-vault monster count
 E = Vault monster count
 F = Vault count percentage of total count
                 A         B        C        D         E       F
            +---------+---------+-------+---------+---------+-------
      Total |    2818 |     767 |  21.4 |     147 |      29 |  16.5
            +---------+---------+-------+---------+---------+-------
        D:1 |      54 |       0 |   0.0 |      31 |       0 |   0.0
        D:2 |      63 |      45 |  41.7 |      17 |      14 |  45.2
        D:3 |      75 |       0 |   0.0 |      11 |       0 |   0.0
        D:4 |     583 |     100 |  14.6 |      28 |       1 |   3.4
        D:5 |     712 |      68 |   8.7 |      20 |       2 |   9.1
        D:6 |    1001 |     554 |  35.6 |      24 |      12 |  33.3
        D:7 |     330 |       0 |   0.0 |      16 |       0 |   0.0
            +---------+---------+-------+---------+---------+-------
